 Dungeon Crawl Stone Soup version 0.19.4-12-gccf7e64 (webtiles) character file.

44 vatarom the Gusty (level 3, 0/19 HPs)
             Began as a Tengu Air Elementalist on Feb 27, 2017.
             Succumbed to an adder's poison
             ... on level 2 of the Dungeon.
             The game lasted 00:03:32 (1716 turns).

vatarom the Gusty (Tengu Air Elementalist)          Turns: 1716, Time: 00:03:33

Health: 0/19       AC:  5    Str:  8    XL:     3   Next: 60%
Magic:  1/7        EV: 13    Int: 16    God:
Gold:   19         SH:  0    Dex: 16    Spells: 3 memorised, 1 level left

rFire  . . .     SeeInvis .     e - +0 short sword
rCold  . . .     Gourm    .     a - +0 robe
rNeg   . . .     Faith    .     (no shield)
rPois  .         Spirit   .     (helmet restricted)
rElec  .         Reflect  .     (no cloak)
rCorr  .         Harm     .     f - +2 pair of gloves
MR     .....                    (boots unavailable)
Stlth  ++........               (no amulet)
                                (no ring)
                                (no ring)

@: lethally poisoned (0 -> -10), repel missiles
A: beak, horns 1, talons 3, agile 1, screaming 1
a: no special abilities


You were on level 2 of the Dungeon.
You were not hungry.

You visited 1 branch of the dungeon, and saw 2 of its levels.

You collected 19 gold pieces.

Inventory:

Hand Weapons
 e - a +0 short sword (weapon)
Armour
 a - a +0 robe (worn)
 f - a +2 pair of gloves (worn)
Scrolls
 d - 2 scrolls of magic mapping
Books
 b - a book of Air

   Spells                             Type                      Level
   a - Shock                          Conjuration/Air              1
   b - Swiftness                      Charms/Air                   2
   c - Repel Missiles                 Charms/Air                   2
   d - Static Discharge               Conjuration/Air              3
   e - Lightning Bolt                 Conjuration/Air              5
Comestibles
 c - a slice of pizza
 g - a beef jerky
 h - a meat ration
 i - 3 chunks of flesh


   Skills:
 - Level 2.1 Dodging
 - Level 2.0 Stealth
 + Level 2.3 Spellcasting
 - Level 1.3 Conjurations
 - Level 5.6 Air Magic


You had one spell level left.
You knew the following spells:

 Your Spells              Type           Power        Failure   Level  Hunger
a - Shock                 Conj/Air       ##..         6%          1    #......
b - Repel Missiles        Chrm/Air       ##....       12%         2    ###....
c - Swiftness             Chrm/Air       ##......     12%         2    ###....


Dungeon Overview and Level Annotations

Branches:
Dungeon (2/15)

Altars:


Innate Abilities, Weirdness & Mutations

You have a beak for a mouth.
You have claws for feet.
You have a pair of small horns on your head.
You are agile. (Dex +2)
You occasionally shout uncontrollably at your foes.


Message History

The adder is almost dead.
The adder bites you.
* * * LOW HITPOINT WARNING * * *
You are more poisoned.
The adder poisons you!
You aren't carrying any potions.
You closely miss the adder. Your headbutt misses the adder.
The adder is almost dead.
* * * LOW HITPOINT WARNING * * *
You feel sick. The adder bites you.
* * * LOW HITPOINT WARNING * * *
The adder bites you but does no damage.
You hit the adder.
You kill the adder!
* * * LOW HITPOINT WARNING * * *
You feel sick.
* * * LOW HITPOINT WARNING * * *
You feel sick.
There is an open door here.
You die...

#.# #.# #.# #.# #+##
#.# #$..## ##.####
#.....# #...#.##
##.......
#.###...####........
#. #......'@..)....
# #...####........
#.....## ##.".....
####.## #.....# #.#
#...## #.# #+## #.#
#.


There were no monsters in sight!

Vanquished Creatures
  An adder (D:2)
  An ooze (D:1)
  A leopard gecko (D:1)
  3 bats
  A giant cockroach (D:1)
  6 hobgoblins (D:1)
  3 kobolds (D:1)
  A frilled lizard (D:1)
  8 goblins
  A rat (D:2)
26 creatures vanquished.

Notes
Turn   | Place    | Note
-------+----------+-------------------------------------------
     0 | D:1      | vatarom the Tengu Air Elementalist began the quest for the Orb.
     0 | D:1      | Reached XP level 1. HP: 10/10 MP: 4/4
    82 | D:1      | Reached XP level 2. HP: 6/15 MP: 1/6
   134 | D:1      | Learned a level 2 spell: Repel Missiles
   137 | D:1      | Learned a level 2 spell: Swiftness
   620 | D:1      | Reached skill level 5 in Air Magic
  1143 | D:1      | Gained mutation: You occasionally shout uncontrollably at your foes. [potion of mutation]
  1143 | D:1      | Gained mutation: You have a pair of small horns on your head. [potion of mutation]
  1143 | D:1      | Gained mutation: You are agile. (Dex +2) [potion of mutation]
  1256 | D:1      | Reached XP level 3. HP: 19/19 MP: 4/7
  1716 | D:2      | Succumbed to an adder's poison

Skill      XL: |  1  2 |
---------------+-------+-----
Air Magic      | 5 |  5.6
Dodging        | |  2.1
Stealth        | |  2.0
Spellcasting   | |  2.3
Conjurations   | |  1.3

Action                   || total
-------------------------++-------
Melee: Unarmed           ||    20
       Kick              ||     5
       Peck              ||     4
       Short sword       ||     3
 Cast: Shock             ||    66
       Repel Missiles    ||     1
  Use: Scroll            ||     4
       Potion            ||     2
  Eat: Bread ration      ||     1
Armor: Robe              ||    11
Dodge: Dodged            ||    30
       Deflected         ||     1
